 Dungeon Crawl Stone Soup version 0.18-a0-1577-gf591c28 (webtiles) character file.

51 M4edhros the Sneak (level 3, -7/20 HPs)
             Began as an Octopode Artificer on Mar 24, 2016.
             Mangled by Sigmund
             ... wielding a +0 scythe of slicing
              (9 damage)
             ... on level 2 of the Dungeon.
             The game lasted 00:02:18 (1454 turns).

M4edhros the Sneak (Octopode Artificer)             Turns: 1454, Time: 00:02:18

Health: -7/20      AC:  1    Str: 10    XL:     3   Next: 81%
Magic:  2/5        EV: 13    Int: 17    God:
Gold:   70         SH:  0    Dex: 13    Spells: 0 memorised, 2 levels left

rFire  . . .     SeeInvis .     a - -2 bardiche (curse)
rCold  . . .     Gourm    .     (shield currently unavailable)
rNeg   + . .     Faith    .     (helmet restricted)
rPois  .         Spirit   .     (no amulet)
rElec  .         Dismiss  .     n - +3 ring of intelligence
rCorr  .         Reflect  .     p - ring of positive energy
SustAt .         Harm     .     (no ring)
MR     .....                    (no ring)
Stlth  ++++......               (no ring)
                                (no ring)
                                (no ring)
                                (no ring)

@: flying, very slightly contaminated, hasted, very quick, not resistant to
hostile enchantments, stealthy
A: almost no armour, amphibious, 8 rings, constrict 8, camouflage 1, frail 1,
gelatinous body 1, subdued magic 1, MP-powered wands
a: no special abilities


You were on level 2 of the Dungeon.
You were hungry.

You visited 1 branch of the dungeon, and saw 2 of its levels.

You collected 70 gold pieces.

Inventory:

Hand Weapons
 a - a cursed -2 bardiche (weapon)
 q - a +1 dagger of draining
 x - a +0 hunting sling
Missiles
 g - 10 steel sling bullets
 k - 22 stones (quivered)
 u - 22 sling bullets
Jewellery
 n - a +3 ring of intelligence (left tentacle)
 p - a ring of positive energy (right tentacle)
Wands
 b - a wand of flame (15/48)
 c - a wand of enslavement (14/24)
 d - a wand of random effects (14/48)
Scrolls
 e - a scroll of teleportation
 j - a scroll of fear
 l - a scroll of magic mapping {unknown}
Comestibles
 f - a bread ration
 i - 3 fruits
 o - 2 meat rations
 r - a chunk of flesh


   Skills:
 - Level 1.0 Fighting
 - Level 1.0 Short Blades
 + Level 0.0 Slings
 + Level 2.7 Dodging
 * Level 4.3 Stealth
 - Level 3.2 Evocations


You had 2 spell levels left.
You didn't know any spells.

Dungeon Overview and Level Annotations

Branches:
Dungeon (2/15)

Altars:

Annotations:
D:2 Sigmund


Innate Abilities, Weirdness & Mutations

You cannot wear most types of armour.
You are amphibious.
You can wear up to eight rings at the same time.
You can use your tentacles to constrict eight enemies at once.
Your skin changes colour to match your surroundings (Stealth).
Your rubbery body absorbs attacks (AC +1).
You are frail (-10% HP).
Your spells are a little easier to cast, but a little less powerful.
You expend magic power (3 MP) to strengthen your wands.


Message History

You barely miss something. You squeeze something.
Something hits you but does no damage.
You closely miss something. Something hits you!
* * * LOW HITPOINT WARNING * * *
x2 Drink which item? (? for menu, Esc to quit)
You feel better.
Drink which item? (? for menu, Esc to quit)
You feel better. Something hits you!
Ouch! That really hurt!
* * * LOW HITPOINT WARNING * * *
x2 Evoke which item? (* to show all) (? for menu, Esc to quit)
Zapping:
d - a wand of random effects (15/48)
Press: ? - help, Shift-Dir - straight line, f - you Nothing appears to happen.
This wand has 14 charges left.
Unknown command.
Evoke which item? (* to show all) (? for menu, Esc to quit)
You don't have enough magic at the moment.
There is a strange disturbance nearby!
You closely miss something. Something hits you!
You die...

#####.
#....##..#
....#+####
#........#
##.......#
#...###+##
#.......#
#........#
#.......#
#........#
#.......#
##.......#
#.......#
#..†....#
#.##'####
####..#+##
#.##.#
#..){@#.#
#<##.#
#.......#
####.#
#...........
#.#
#............
#.#
######.......
#.# .......
#+# ).....$
....... ###


There were no monsters in sight!

Vanquished Creatures
  An adder (D:2)
  A dart slug (D:1)
  2 giant geckos
  5 bats
  3 giant cockroaches (D:1)
  6 goblins
  4 hobgoblins
  6 kobolds
  A ball python (D:2)
  A giant newt (D:1)
  3 rats
33 creatures vanquished.

Vanquished Creatures (collateral kills)
  A giant newt (D:2)
  A rat (D:2)
2 creatures vanquished.

Grand Total: 35 creatures vanquished

Notes
Turn   | Place    | Note
--------------------------------------------------------------
     0 | D:1      | M4edhros the Octopode Artificer began the quest for the Orb.
     0 | D:1      | Reached XP level 1. HP: 13/13 MP: 3/3
   246 | D:1      | Reached skill level 2 in Stealth
   262 | D:1      | Reached XP level 2. HP: 15/18 MP: 4/4
   432 | D:1      | Reached skill level 3 in Stealth
   620 | D:1      | Reached XP level 3. HP: 23/23 MP: 5/5
  1060 | D:2      | Reached skill level 4 in Stealth
  1424 | D:2      | Noticed Sigmund
  1443 | D:2      | Gained mutation: Your spells are a little easier to cast, but a little less powerful. [potion of mutation]
  1443 | D:2      | Gained mutation: You expend magic power (3 MP) to strengthen your wands. [potion of mutation]
  1443 | D:2      | Gained mutation: You are frail (-10% HP). [potion of mutation]
  1450 | D:2      | HP: 1/20 [something (1)]
  1454 | D:2      | Mangled by Sigmund

Vault maps used:
D:1:      onia_arrival_pyramid
D:2:      bloody_trog, uniq_sigmund

Skill      XL: |  1  2  3 |
---------------+----------+-----
Stealth        | 2 3 4 |  4.3
Fighting       | |  1.0
Short Blades   | |  1.0
Dodging        | |  2.7
Evocations     | |  3.2

Action                   || total
-------------------------++-------
Melee: Short sword       ||    34
       Dagger            ||    25
       Bardiche          ||     9
Evoke: Wand              ||     2
  Use: Potion            ||     6
       Scroll            ||     5
 Stab: Sleeping          ||     9
  Eat: Chunk             ||     1
